 Dungeon Crawl Stone Soup version 0.30.1-11-g7821555f0a (webtiles) character file.

Game seed: 13584377840141833295

466 safid the Chiller (level 7, -4/121 HPs)
             Began as a Merfolk Ice Elementalist on Nov 15, 2023.
             Slain by an ice beast (8 damage)
             ... on level 5 of the Dungeon.
             The game lasted 00:06:53 (3500 turns).

safid the Chiller (Merfolk Ice Elementalist)        Turns: 3500, Time: 00:06:54

Health: -4/121     AC: 23    Str:  8    XL:     7   Next: 8%
Magic:  0/13       EV:  2    Int: 17    God:
Gold:   188        SH:  0    Dex: 14    Spells: 7/14 levels left

rFire   . . .        l - +1 dagger (venom)
rCold   . . .        (no shield)
rNeg    . . .        u - melded +4 robe of Augmentation {Str+4 Int+4 Dex+4}
rPois   +            (helmet currently unavailable)
rElec   .            (cloak currently unavailable)
rCorr   .            q - melded +2 pair of gloves
SInv    .            (boots currently unavailable)
Will    .....        s - amulet of guardian spirit Stlth
                     (no ring)
HPRegen 0.40/turn    (no ring)
MPRegen 0.13/turn

%: guardian spirit
@: brilliant, berserking, tree-form, very quick
A: stationary, stasis, torment immunity, boosted hp, (nimble swimmer 2),
(mertail)
a: no special abilities


You were on level 5 of the Dungeon.
You were a tree.
You visited 1 branch of the dungeon, and saw 5 of its levels.

You collected 188 gold pieces.

Inventory:

Hand Weapons
 l - a +1 dagger of venom (weapon)
Armour
 q - a +2 pair of gloves (melded)
 u - the +4 robe of Augmentation (melded) {Str+4 Int+4 Dex+4}
   (You found it on level 4 of the Dungeon)

   Str:       It affects your strength (+4).
   Int:       It affects your intelligence (+4).
   Dex:       It affects your dexterity (+4).
Jewellery
 s - an amulet of guardian spirit (around neck)
Wands
 o - a wand of iceblast (12)
Scrolls
 c - a scroll of magic mapping
 d - a scroll of torment {unknown}
 f - a scroll of fear {unknown}
 g - a scroll of identify {unknown}
 h - a scroll of summoning {unknown}
 i - a scroll of immolation {unknown}
 k - 2 scrolls of teleportation {unknown}
 m - a scroll of vulnerability {unknown}
 p - a scroll of blinking {unknown}
 r - 2 scrolls of enchant armour {unknown}
Potions
 n - a potion of heal wounds {unknown}
 t - a potion of flight {unknown}


   Skills:
 + Level 4.2 Fighting
 - Level 2.6 Dodging
 - Level 2.1 Stealth
 + Level 4.2 Spellcasting
 + Level 6.3 Ice Magic


You had 7 spell levels left.
You knew the following spells:

 Your Spells              Type           Power      Damage    Failure   Level
a - Freeze                Ice            100%       1d10      1%          1
b - Frozen Ramparts       Ice            74%        1d12      3%          3
c - Ozocubu's Armour      Ice            37%        N/A       3%          3

Your spell library contained the following spells:

 Spells                   Type           Power      Damage    Failure   Level
 Beastly Appendage        Tmut           10%        N/A       16%         1
 Wereblood                Tmut           5%         N/A       24%         2
 Summon Ice Beast         Ice/Summ       21%        N/A       38%         4
 Spider Form              Tmut/Pois      5%         N/A       43%         3


Dungeon Overview and Level Annotations

Branches:
Dungeon (5/15)
 Temple: D:4-7

Altars:
Ru


Innate Abilities, Weirdness & Mutations

You are a tree.
Your roots penetrate the ground, keeping you stationary.
You cannot be teleported.
You are immune to unholy pain and torment.
Your maximum health is greatly increased.
Your equipment is partially melded.
((You are very nimble when in or above water. (Stealth+, EV+, Speed+++)))
((Your lower body shifts to a powerful aquatic tail in water.))


Message History

You hit the ice beast but do no damage.
The ice beast is almost dead.
The phantom hits you but does no damage.
The ice beast hits you but does no damage.
Unknown command.
You hit the ice beast but do no damage.
The ice beast is almost dead.
The phantom hits you but does no damage.
The ice beast hits you but does no damage.
Unknown command.
You barely miss the ice beast.
The ice beast is almost dead.
The phantom hits you but does no damage.
The ice beast hits you.
* * * LOW HITPOINT WARNING * * *
The ice beast freezes you!
* * * LOW HITPOINT WARNING * * *
You hit the phantom.
The phantom is heavily damaged.
The phantom hits you but does no damage.
The ice beast barely misses you.
You barely miss the phantom.
The phantom is heavily damaged.
The phantom barely misses you. The ice beast hits you.
* * * LOW HITPOINT WARNING * * *
The ice beast freezes you.
* * * LOW HITPOINT WARNING * * *
You hit the phantom.
The phantom is heavily damaged.
The phantom hits you but does no damage.
The ice beast completely misses you.
Unknown command.
It was a potion of berserk rage.
A red film seems to cover your vision as you go berserk!
You feel yourself moving faster!
You feel mighty!
The phantom hits you but does no damage.
The ice beast hits you.
* * * LOW HITPOINT WARNING * * *
The ice beast freezes you!
You die...

,,,,,,,...,,..,..*
,,,,,,*,#.#,#.#.#*#
,,,,,,,,,.........#
,,,,,##.#.#.#.#.#.#
*,*.##..........<.##
*,*,..#.#.#.#.#.#..#
,,,,.....$........#*
,,,...#.#.#.#.#.###
,,,.........$..Y♣#
,,,...#.#.#.#.#W###
*,,............Y..# ***
*,,..............##*#.**
,,,..............#*...,**
,,,.#.....<......##...,,*
,,,*##.#..#.#.).......,**
,,,*#...#####)).......,*
,,**##.#* ##......>.**


You could see 2 ice beasts and a phantom.

Vanquished Creatures
  An ogre (D:5)
  A centaur (D:4)
  A scorpion (D:4)
  2 hounds (D:4)
  Jessica (D:2)
  6 adders
  3 worms
  3 dart slugs
  5 orcs
  6 ball pythons
  10 endoplasms
  2 giant cockroaches
  8 goblins
  5 hobgoblins
  6 jackals
  9 kobolds
  4 quokkas
  10 bats
  2 frilled lizards
  2 rats
87 creatures vanquished.

Notes
Turn   | Place    | Note
-------+----------+-------------------------------------------
     0 | D:1      | safid the Merfolk Ice Elementalist began the quest for the
                  | Orb.
     0 | D:1      | Reached XP level 1. HP: 13/13 MP: 3/3
   148 | D:1      | Reached XP level 2. HP: 15/20 MP: 0/5
   252 | D:1      | Reached skill level 1 in Fighting
   709 | D:1      | Reached XP level 3. HP: 16/26 MP: 4/6
   930 | D:2      | Learned a level 3 spell: Frozen Ramparts
  1001 | D:2      | Learned a level 3 spell: Ozocubu's Armour
  1011 | D:2      | Identified the +0 leather armour of a Hundred Artists {Harm
                  | Rampage Fly rC-}
  1286 | D:2      | Reached skill level 5 in Ice Magic
  1286 | D:2      | Reached XP level 4. HP: 31/33 MP: 4/8
  1550 | D:2      | Noticed Jessica
  1554 | D:2      | Killed Jessica
  1839 | D:3      | Reached XP level 5. HP: 36/39 MP: 6/9
  2318 | D:3      | Found a faded altar of an unknown god.
  2696 | D:4      | Reached XP level 6. HP: 41/47 MP: 9/11
  2703 | D:4      | HP: 1/47 [centaur (2)]
  2919 | D:4      | Reached skill level 6 in Ice Magic
  3107 | D:4      | Found the +4 robe of Augmentation {Str+4 Int+4 Dex+4}
  3263 | D:4      | Found a sacrificial altar of Ru.
  3340 | D:5      | Entered Level 5 of the Dungeon
  3382 | D:5      | Noticed an ice beast
  3398 | D:5      | Reached XP level 7. HP: 46/54 MP: 6/13
  3498 | D:5      | HP: 3/81 [ice beast (5)]
  3500 | D:5      | Slain by an ice beast

Illustrated notes

Levels and vault maps discovered:
D:1:      dpeg_arrival_simpleton_c, layout_rooms
D:2:      layout_basic, uniq_jessica
D:3:      layout_loops_corners, shapermc_ecumenical_altar_acropolis
D:4:      layout_cave_pools, mainiacjoe_overflow_alcove_1
D:5:      kennysheep_spiral_hall, layout_cave_pools, minitemple, serial_shops,
          nicolae_shop_hallway_stairs, st_stairs_10

Skill      XL: |  1  2  3  4  5  6 |
---------------+-------------------+-----
Fighting       | 1 2 3 4 |  4.2
Ice Magic      | 5 6 |  6.3
Spellcasting   | 3 4 |  4.2
Dodging        | |  2.6
Stealth        | |  2.1

Action                     |  1- 3 |  4- 6 |  7- 9 || total
---------------------------+-------+-------+-------++-------
  Melee: Unarmed           |    19 |       |       ||    19
         Dagger            |   105 |   102 |    33 ||   240
         Punch             |     2 |     3 |     1 ||     6
   Cast: Freeze            |    35 |    44 |       ||    79
         Frozen Ramparts   |     2 |     1 |       ||     3
         Ozocubu's Armour  |       |     1 |     1 ||     2
    Use: Potion            |       |     2 |     3 ||     5
         Scroll            |       |       |     1 ||     1
   Stab: Sleeping          |       |     4 |       ||     4
 Armour: Robe              |    29 |    41 |    12 ||    82
         Skin              |       |       |    26 ||    26
  Dodge: Dodged            |    97 |   103 |    13 ||   213
